 Dungeon Crawl Stone Soup version 0.28-a0-239-g68911e0c57 (webtiles) character file.

Game seed: 5010033920854224635

1661 Mesmaeker13 the Skirmisher (level 9, 0/79 HPs)
             Began as a Ghoul Warper on Aug 23, 2021.
             Was an Initiate of Cheibriados.
             Slain by a yak (6 damage)
             ... on level 5 of the Dungeon.
             The game lasted 00:11:30 (7369 turns).

Mesmaeker13 the Skirmisher (Ghoul Warper)           Turns: 7369, Time: 00:11:31

Health: 0/79       AC: 11    Str: 17    XL:     9   Next: 0%
Magic:  10/10      EV: 10    Int: 11    God:    Cheibriados [......]
Gold:   173        SH:  0    Dex:  9    Spells: 9/11 levels left

rFire   . . .      SeeInvis .   q - +6 whip
rCold   + + .      Faith    .   (no shield)
rNeg    + + +      Spirit   .   b - +0 scale mail {rC+}
rPois   ∞          Reflect  .   g - +0 helmet
rElec   .          Harm     .   (no cloak)
rCorr   .          Rampage  .   o - +0 pair of gloves
Will    .....                   l - +0 pair of boots
Stlth   ..........              (no amulet)
HPRegen 0.00/turn               (no ring)
MPRegen 0.12/turn               (no ring)

@: inhibited regen, invisible, very slow
A: claws 1, cold resistance 1, negative energy resistance 3, inhibited
regeneration, torment resistance 2
a: Renounce Religion, Bend Time


You were on level 5 of the Dungeon.
You worshipped Cheibriados.
Cheibriados was noncommittal.
You visited 2 branches of the dungeon, and saw 7 of its levels.

You collected 173 gold pieces.

Inventory:

Hand Weapons
 q - a +6 whip (weapon)
 s - a +0 whip of draining
Missiles
 c - 4 boomerangs of dispersal
 j - 29 poisoned darts (quivered)
Armour
 b - a +0 scale mail of cold resistance (worn)
 f - a +0 ring mail
 g - a +0 helmet (worn)
 k - a +2 tower shield
 l - a +0 pair of boots (worn)
 o - a +0 pair of gloves (worn)
 t - a +0 pair of boots
Wands
 d - a wand of paralysis (7)
 e - a wand of acid (6)
Scrolls
 m - a scroll of enchant weapon
 n - a scroll of brand weapon
 p - a scroll of immolation {unknown}
 u - a scroll of teleportation {unknown}
Potions
 a - a potion of invisibility
 h - a potion of mutation {unknown}


   Skills:
 + Level 7.1 Fighting
 - Level 0.8 Throwing
 + Level 5.5 Armour
 - Level 2.0 Dodging
 + Level 7.1 Unarmed Combat
 - Level 1.7 Spellcasting
 - Level 2.6 Translocations
 + Level 2.2 Invocations


You had 9 spell levels left.
You knew the following spells:

 Your Spells              Type           Power      Damage    Failure   Level
a - Blink                 Tloc           N/A        N/A       43%         2

Your spell library contained the following spells:

 Spells                   Type           Power      Damage    Failure   Level
 Sting                    Tmut/Pois      0%         1d3       67%         1
 Gell's Gravitas          Tloc           3%         N/A       67%         3
 Lesser Beckoning         Tloc           3%         N/A       67%         3
 Teleport Other           Tloc           6%         N/A       67%         3
 Poisonous Vapours        Pois/Air       0%         N/A       80%         2
 Conjure Flame            Conj/Fire      0%         6-21      95%         3
 Ignite Poison            Fire/Tmut/Pois 0%         N/A       95%         3
 Olgreb's Toxic Radiance  Pois           0%         N/A       100%        4
 Sticky Flame             Conj/Fire      0%         2d3       100%        4
 Manifold Assault         Tloc           6%         N/A       100%        5


Dungeon Overview and Level Annotations

Branches:
Dungeon (6/15)             Temple (1/1) D:6

Altars:
Cheibriados
Elyvilon
Makhleb
Wu Jian


Innate Abilities, Weirdness & Mutations

You thrive by killing the living.
You are immune to poison.
You have sharp fingernails.
Your flesh is cold resistant. (rC+)
You are immune to negative energy. (rN+++)
You do not regenerate when monsters are visible.
You are immune to unholy pain and torment.


Message History

The yak is lightly wounded.
The yak gores you.
You barely miss the yak.
The yak is lightly wounded.
The yak gores you.
You barely miss the yak.
The yak is lightly wounded.
The yak gores you!
You closely miss the yak.
The yak is lightly wounded.
The yak gores you.
You hit the yak.
The yak is lightly wounded.
The yak gores you. The yak gores you. The yak closely misses you.
There is a stone staircase leading up here.
The yak gores you! x2
* * * LOW HITPOINT WARNING * * *
You climb upwards.
There is a stone staircase leading down here.
Unknown command.
The yak gores you.
* * * LOW HITPOINT WARNING * * *
Unknown command.
Unknown command.
Okay, then.
You feel better. The yak barely misses you.
The yak gores you but does no damage.
Unknown command.
As you read the scroll of summoning, it crumbles to dust.
Wisps of shadow whirl around you... The yak closely misses you.
The yak gores you!
* * * LOW HITPOINT WARNING * * *
Your adder zombie bites the yak but does no damage.
The yak closely misses you.
It was a potion of invisibility.
You fade into invisibility!
The yak gores you.
You die...

#.......# #.......#
#.......# # #.......#
# #.......######## #
##.......#......# #
###...o..Z.#......# #
#........oY#......#
#.#####..>Y@......#
#.# #.o###..#####
#.#####...#....^#
##.##))......###.#
#####....)##.#...##..#
.......#####.#..###.##
.......# #.#..# #.#
#......# ##.#..# #.#
..###.## ##..#.####.#


You could see 2 yaks, a friendly orc priest (summoned), 2 friendly orcs and a
friendly adder zombie (summoned).

Vanquished Creatures
  Prince Ribbit (D:5)
  2 yaks (D:6)
  Duvessa (D:5)
  An ice beast (D:4)
  An ogre (D:4)
  A centaur (D:5)
  3 phantoms
  Dowan (D:5)
  2 water moccasin skeletons
  2 centaur zombies
  2 jellies (D:6)
  An iguana (D:4)
  Ijyb (D:4)
  2 orc wizards (D:5)
  2 hound skeletons
  A howler monkey zombie (D:6)
  7 gnolls
  3 adders
  A shadow imp (D:6)
  A white imp (D:6)
  3 ufetubi
  4 dart slugs
  18 orcs
  4 ball pythons
  3 bats
  5 endoplasms
  A giant cockroach (D:1)
  6 goblins
  9 hobgoblins
  A quokka (D:4)
  2 kobolds
  5 rats
97 creatures vanquished.

Notes
Turn   | Place    | Note
-------+----------+-------------------------------------------
     0 | D:1      | Mesmaeker13 the Ghoul Warper began the quest for the Orb.
     0 | D:1      | Reached XP level 1. HP: 17/17 MP: 2/2
   459 | D:1      | Reached XP level 2. HP: 25/25 MP: 3/3
   473 | D:1      | Reached skill level 1 in Armour
   970 | D:2      | You fall into a shaft and drop 2 floors!
   974 | D:4      | Learned a level 2 spell: Blink
  1235 | D:3      | Reached XP level 3. HP: 30/30 MP: 4/4
  1906 | D:3      | Reached XP level 4. HP: 24/38 MP: 5/5
  2084 | D:3      | Found a faded altar of an unknown god.
  2688 | D:4      | Noticed an ogre
  2931 | D:4      | Noticed a phantom
  3243 | D:5      | Entered Level 5 of the Dungeon
  3247 | D:5      | Noticed a phantom
  3383 | D:4      | HP: 1/38 [ogre (10)]
  3845 | D:5      | Noticed an ice beast
  3894 | D:4      | Killed an ice beast
  3895 | D:4      | Reached XP level 5. HP: 16/46 MP: 6/6
  4598 | D:4      | Reached XP level 6. HP: 40/52 MP: 7/7
  4735 | D:5      | Noticed Duvessa
  4818 | D:5      | Noticed Dowan
  4916 | D:5      | Noticed Ijyb
  4935 | D:4      | HP: 2/53 [acid (8)]
  5303 | D:4      | Reached skill level 5 in Fighting
  5303 | D:4      | Reached XP level 7. HP: 43/61 MP: 8/8
  5412 | D:4      | Reached skill level 5 in Unarmed Combat
  5540 | D:4      | Killed Ijyb
  6511 | D:5      | Killed Duvessa
  6512 | D:5      | Reached XP level 8. HP: 53/70 MP: 9/9
  6516 | D:5      | Killed Dowan
  6609 | D:5      | Noticed Prince Ribbit
  6651 | D:5      | Killed Prince Ribbit
  6851 | D:5      | Reached skill level 5 in Armour
  7146 | D:6      | Found a staircase to the Ecumenical Temple.
  7156 | Temple   | Entered the Ecumenical Temple
  7181 | Temple   | Became a worshipper of Cheibriados the Contemplative
  7266 | D:6      | Reached skill level 1 in Invocations
  7321 | D:6      | Noticed a yak
  7321 | D:6      | Noticed a yak
  7337 | D:6      | Noticed a yak
  7339 | D:6      | Noticed a yak
  7341 | D:6      | Killed a yak
  7350 | D:6      | Killed a yak
  7351 | D:6      | Reached XP level 9. HP: 57/79 MP: 10/10
  7369 | D:5      | Slain by a yak

Illustrated notes

Levels and vault maps discovered:
D:1:      lightli_arrival_chessboard, layout_basic, roderic_nine_men_s_morris
D:2:      layout_basic
D:3:      layout_basic, ebering_ecumenical_altar_mist, serial_park_tiny_pond,
          minmay_misc_feat_hallway, nrook_mini_backslash
D:4:      layout_basic
D:5:      layout_rooms, uniq_duvessa, uniq_ijyb, uniq_prince_ribbit1
D:6:      layout_loops_cross, minmay_temple_entry_hall, chequers_jeans,
          minmay_misc_feat_tower
Temple:   eino_temple_scatter_basement

Skill      XL: |  1  2  3  4  5  6  7  8 |
---------------+-------------------------+-----
Dodging        | 2 |  2.0
Armour         | 1 2 3 4 5 |  5.5
Fighting       | 3 4 5 7 |  7.1
Unarmed Combat | 3 4 5 7 |  7.1
Invocations    | 2 |  2.2
Throwing       | |  0.8
Spellcasting   | |  1.7
Translocations | |  2.6

Action                   |  1- 3 |  4- 6 |  7- 9 || total
-------------------------+-------+-------+-------++-------
Melee: Unarmed           |   161 |   131 |       ||   292
       Punch             |     1 |     1 |     5 ||     7
       Whip              |       |    28 |   189 ||   217
Throw: Dart              |     4 |    34 |    63 ||   101
       Boomerang         |     1 |       |       ||     1
 Cast: Blink             |       |     1 |       ||     1
Evoke: Wand              |       |       |     3 ||     3
  Use: Scroll            |       |     2 |     4 ||     6
       Potion            |       |     1 |     2 ||     3
Armor: Ring mail         |    83 |    85 |    47 ||   215
       Scale mail        |       |       |    58 ||    58
Dodge: Dodged            |    89 |    93 |   111 ||   293

Table legend: (Time is in decaauts)
 A = Elapsed time spent in this place.
 B = Non-inter-level travel time spent in this place.
 C = Inter-level travel time spent in this place.
 D = Time resting spent in this place.
 E = Time spent auto-exploring this place.
 F = Levels seen in this place.
 G = Mean time per level.
                   A        B        C        D        E       F      G
               +--------+--------+--------+--------+--------+-----+--------+
         Total |   7415 |   7028 |    387 |   2306 |   3137 |   7 | 1059.3 |
       Dungeon |   7378 |   7001 |    377 |   2306 |   3118 |   6 | 1229.7 |
        Temple |     37 |     27 |     10 |      0 |     19 |   1 |   37.0 |
               +--------+--------+--------+--------+--------+-----+--------+

Top non-repeatable levels by time:
     D:4: 2876 daAuts
     D:3: 1650 daAuts
     D:5: 1006 daAuts
     D:1: 836 daAuts
     D:2: 686 daAuts
     D:6: 321 daAuts
  Temple: 37 daAuts
